 Dungeon Crawl Stone Soup version 0.19-a0-1704-gbd66c22 (webtiles) character file.

102 KristoblXynda the Skirmisher (level 4, -4/38 HPs)
             Began as a Minotaur Wizard on Sept 27, 2016.
             Slain by a centaur (5 damage)
             ... on level 3 of the Dungeon.
             The game lasted 00:04:15 (2330 turns).

KristoblXynda the Skirmisher (Minotaur Wizard)      Turns: 2330, Time: 00:04:17

Health: -4/38      AC:  3    Str: 11    XL:     4   Next: 50%
Magic:  6/6        EV: 12    Int: 16    God:
Gold:   89         SH:  0    Dex:  9    Spells: 3 memorised, 2 levels left

rFire  . . .     SeeInvis .     f - +2 war axe (freeze)
rCold  . . .     Gourm    .     a - +0 robe
rNeg   . . .     Faith    .     (no shield)
rPois  .         Spirit   .     b - +0 hat
rElec  .         Dismiss  .     (no cloak)
rCorr  .         Reflect  .     (no gloves)
MR     .....     Harm     .     (no boots)
Stlth  +.........               (no amulet)
                                (no ring)
                                (no ring)

@: no status effects
A: retaliatory headbutt, horns 2
a: no special abilities


You were on level 3 of the Dungeon.
You were not hungry.

You visited 1 branch of the dungeon, and saw 3 of its levels.

You collected 89 gold pieces.

Inventory:

Hand Weapons
 f - a +2 war axe of freezing (weapon)
Armour
 a - a +0 robe (worn)
 b - a +0 hat (worn)
Scrolls
 e - a scroll of blinking {unknown}
 w - 2 scrolls of teleportation
Potions
 g - 3 potions of curing
 h - 2 potions of flight {unknown}
 j - a potion of agility {unknown}
 k - 2 potions of lignification {unknown}
 m - a potion of cancellation {unknown}
 o - a potion of cure mutation {unknown}
 q - a potion of degeneration {unknown}
 v - a potion of beneficial mutation {unknown}
 x - 2 potions of invisibility {unknown}
Books
 c - a book of Minor Magic

   Spells                             Type                      Level
   a - Magic Dart                     Conjuration                  1
   b - Blink                          Translocation                2
   c - Call Imp                       Summoning                    2
   d - Repel Missiles                 Charms/Air                   2
   e - Slow                           Hexes                        2
   f - Conjure Flame                  Conjuration/Fire             3
   g - Mephitic Cloud                 Conjuration/Poison/Air       3
Comestibles
 d - 2 bread rations
 r - 2 meat rations
 u - a slice of pizza


   Skills:
 - Level 3.4 Fighting
 + Level 0.2 Axes
 - Level 2.1 Dodging
 - Level 1.5 Stealth
 - Level 2.1 Spellcasting
 + Level 2.3 Conjurations
 - Level 0.6 Summonings
 + Level 0.6 Translocations


You had 2 spell levels left.
You knew the following spells:

 Your Spells              Type           Power        Failure   Level  Hunger
a - Magic Dart            Conj           #...         10%         1    #......
b - Blink                 Tloc           N/A          24%         2    ###....
c - Call Imp              Summ           #.......     24%         2    ###....


Dungeon Overview and Level Annotations

Branches:
Dungeon (3/15)

Altars:
Okawaru


Innate Abilities, Weirdness & Mutations

You reflexively headbutt those who attack you in melee.
You have a pair of horns on your head.


Message History

You slash the centaur! You freeze the centaur.
The centaur is heavily wounded.
The centaur unwields an uncursed shortbow.
The centaur hits you. x2
You hit the centaur but do no damage.
The centaur is heavily wounded.
The centaur closely misses you. The centaur hits you.
* * * LOW HITPOINT WARNING * * *
The centaur hits you.
* * * LOW HITPOINT WARNING * * *
A goblin comes into view. It is wielding a dagger.
You feel better. The centaur hits you.
* * * LOW HITPOINT WARNING * * *
The goblin shouts!
You slash the centaur! You freeze the centaur.
The centaur is severely wounded.
The centaur hits you!
* * * LOW HITPOINT WARNING * * *
The centaur hits you.
You die...

###############
#.....)..[[...#
#.########.##.#
#.# ##.#.#.#
#.######.###..#
(..........##.#
....####.#.#..##
...##
##....#.########
..##
##..###(@c.g..#
..#
###.#$######.#
..... #.#
..##... #.# .##
## # .# .# .#


You could see a centaur and a goblin.

Vanquished Creatures
  A gnoll (D:1)
  2 adders (D:2)
  2 oozes
  A worm (D:3)
  3 dart slugs
  3 leopard geckos (D:1)
  An orc (D:3)
  A ball python (D:1)
  7 bats
  3 giant cockroaches
  9 goblins
  4 hobgoblins
  2 jackals (D:2)
  7 frilled lizards
  5 kobolds
  4 rats
55 creatures vanquished.

Notes
Turn   | Place    | Note
-------+----------+-------------------------------------------
     0 | D:1      | KristoblXynda the Minotaur Wizard began the quest for the Orb.
     0 | D:1      | Reached XP level 1. HP: 14/14 MP: 2/2
    47 | D:1      | Reached skill level 1 in Conjurations
   341 | D:1      | Reached skill level 1 in Fighting
   365 | D:1      | Reached XP level 2. HP: 23/23 MP: 4/4
   894 | D:1      | Reached skill level 2 in Fighting
   910 | D:1      | Reached XP level 3. HP: 9/29 MP: 5/5
  1017 | D:1      | Learned a level 2 spell: Blink
  1020 | D:1      | Learned a level 2 spell: Call Imp
  1685 | D:2      | Reached skill level 3 in Fighting
  1685 | D:2      | Reached XP level 4. HP: 17/38 MP: 6/6
  2183 | D:3      | Found an iron altar of Okawaru.
  2323 | D:3      | Noticed a centaur
  2330 | D:3      | HP: 1/38 [centaur (8)]
  2330 | D:3      | Slain by a centaur

Vault maps used:
D:1:      minmay_arrival_stair_chambers, minmay_pentomino_p2
D:3:      first_bread, kennysheep_okawaru_gauntlet

Skill      XL: |  1  2  3 |
---------------+----------+-----
Conjurations   | 1 2 |  2.3
Fighting       | 1 2 3 |  3.4
Axes           | |  0.2
Dodging        | |  2.1
Stealth        | |  1.5
Spellcasting   | |  2.1
Summonings     | |  0.6
Translocations | |  0.6

Action                   |  1- 3 |  4- 6 || total
-------------------------+-------+-------++-------
Melee: Whip              |    29 |       ||    29
       Headbutt          |     9 |     4 ||    13
       Dagger            |    68 |    25 ||    93
       War axe           |       |     5 ||     5
 Cast: Magic Dart        |       |     9 ||     9
  Use: Scroll            |       |     7 ||     7
       Potion            |       |     1 ||     1
  Eat: Chunk             |     2 |     3 ||     5
Armor: Robe              |    26 |     4 ||    30
Dodge: Dodged            |    67 |    15 ||    82
